 Dungeon Crawl Stone Soup version 0.29-a0-866-g0545e20025 (webtiles) character file.

Game seed: 2473552040496316966

89 Malachi the Cudgeller (level 4, -1/38 HPs)
             Began as a Ghoul Fighter on July 17, 2022.
             Slain by an orc
             ... wielding a +0 flail
              (4 damage)
             ... on level 3 of the Dungeon.
             The game lasted 00:02:11 (1917 turns).

Malachi the Cudgeller (Ghoul Fighter)               Turns: 1917, Time: 00:02:12

Health: -1/38      AC:  6    Str: 21    XL:     4   Next: 55%
Magic:  3/3        EV:  9    Int:  9    God:
Gold:   182        SH:  0    Dex:  8    Spells: 3/3 levels left

rFire   . . .      SeeInvis .   k - +2 great mace (protect)
rCold   + . .      Faith    .   (shield currently unavailable)
rNeg    + + +      Spirit   .   b - +0 scale mail
rPois   ∞          Reflect  .   (no helmet)
rElec   .          Harm     .   (no cloak)
rCorr   .          Rampage  .   (no gloves)
Will    .....                   (no boots)
Stlth   ..........              (no amulet)
HPRegen 0.00/turn               j - +6 ring of intelligence
MPRegen 0.08/turn               (no ring)

@: attractive, inhibited regen, invisible
A: claws 1, cold resistance 1, negative energy resistance 3, inhibited
regeneration, torment resistance 2, devour on kill
a: no special abilities


You were on level 3 of the Dungeon.
You visited 1 branch of the dungeon, and saw 3 of its levels.

You collected 182 gold pieces.

Inventory:

Hand Weapons
 a - a +0 flail
 k - a +2 great mace of protection (weapon)
Missiles
 g - 12 poisoned darts (quivered)
Armour
 b - a +0 scale mail (worn)
 c - a +0 buckler
Jewellery
 j - a +6 ring of intelligence (left claw)
Scrolls
 f - a scroll of identify
 l - a scroll of amnesia
Potions
 d - a potion of might
 m - a potion of degeneration {unknown}


   Skills:
 - Level 3.2 Fighting
 + Level 4.2 Maces & Flails
 - Level 2.6 Armour
 - Level 2.6 Shields


You had 3 spell levels left.
You didn't know any spells.
Your spell library contained the following spells:

 Spells                   Type           Power      Damage    Failure   Level
 Freeze                   Ice            0%         1d3       73%         1
 Frozen Ramparts          Ice            0%         1d2       97%         3
 Hailstorm                Conj/Ice       0%         3d3       100%        4


Dungeon Overview and Level Annotations

Branches:
Dungeon (3/15)

Altars:


Innate Abilities, Weirdness & Mutations

You are immune to poison.
You have sharp fingernails.
Your flesh is cold resistant. (rC+)
You are immune to negative energy. (rN+++)
You do not regenerate when monsters are visible.
You are immune to unholy pain and torment.
You thrive by killing the living.


Message History

You sock the orc!
You kill the orc!
The orc wizard gestures at you while chanting.
The puff of flame hits you!
The orc wizard hits you but does no damage.
Items here: )) [[ †.
You miss the orc wizard.
The orc wizard hits you but does no damage.
The orc wizard barely misses you.
You closely miss the orc wizard.
The orc wizard points at you and mumbles some strange words.
The magic dart hits you! The orc hits you with a +0 flail.
You are too injured to fight recklessly!
You are too injured to fight recklessly!
You are too injured to fight recklessly!
You barely miss the orc wizard.
The orc wizard hits you with a +0 dagger.
The orc closely misses you. The orc wizard closely misses you.
The orc hits you with a +0 flail.
* * * LOW HITPOINT WARNING * * *
You barely miss the orc wizard. The orc wizard closely misses you.
The orc hits you with a +0 flail.
* * * LOW HITPOINT WARNING * * *
You thump the orc wizard!
Your weapon exudes an aura of protection.
The orc wizard is severely wounded.
The orc wizard hits you but does no damage.
The orc hits you but does no damage.
The orc wizard hits you but does no damage.
The orc barely misses you.
It was a potion of attraction.
You feel attractive to monsters. The orc hits you with a +0 flail.
* * * LOW HITPOINT WARNING * * *
The orc wizard hits you with a +0 dagger.
* * * LOW HITPOINT WARNING * * *
It was a potion of invisibility.
You fade into invisibility!
The orc hits you with a +0 flail.
You die...

####+#.
.......
.......
.......
.....
...##
#oo#
#@# #<#
###


You could see an orc wizard (unable to see you) and an orc (unable to see you).

Vanquished Creatures
  An adder (D:2)
  3 worms (D:2)
  2 dart slugs
  2 orcs (D:3)
  10 ball pythons
  3 endoplasms
  2 giant cockroaches (D:1)
  5 goblins
  6 hobgoblins
  7 jackals (D:1)
  6 kobolds
  3 quokkas
  3 bats
  3 frilled lizards
  4 rats
60 creatures vanquished.

Notes
Turn   | Place    | Note
-------+----------+-------------------------------------------
     0 | D:1      | Malachi the Ghoul Fighter began the quest for the Orb.
     0 | D:1      | Reached XP level 1. HP: 19/19 MP: 0/0
    24 | D:1      | Reached skill level 2 in Maces & Flails
   158 | D:1      | Reached XP level 2. HP: 26/26 MP: 1/1
   254 | D:1      | Reached skill level 3 in Maces & Flails
   407 | D:1      | Reached XP level 3. HP: 31/31 MP: 2/2
   412 | D:1      | Found a faded altar of an unknown god.
  1152 | D:2      | Reached XP level 4. HP: 35/38 MP: 3/3
  1319 | D:2      | Reached skill level 4 in Maces & Flails
  1762 | D:2      | Identified a scroll of acquirement
  1763 | D:2      | Acquired a +2 great mace of protection
  1917 | D:3      | Slain by an orc

Illustrated notes

Levels and vault maps discovered:
D:1:      psy_arrival_whirlpool, layout_basic, ebering_ecumenical_altar_box,
          dreamdust_wishing_well, minmay_pentomino_u2
D:2:      layout_rooms
D:3:      layout_basic, nicolae_wu_jian_immortal_techniques,
          mainiacjoe_overflow_divided_tiny, uniq_terence,
          uniq_crazy_yiuf_cottage

Skill      XL: |  1  2  3  4 |
---------------+-------------+-----
Maces & Flails | 2 3 4 |  4.2
Fighting       | |  3.2
Armour         | |  2.6
Shields        | |  2.6

Action                   |  1- 3 |  4- 6 || total
-------------------------+-------+-------++-------
Melee: Flail             |   143 |    37 ||   180
       Great mace        |       |     8 ||     8
  Use: Scroll            |       |     5 ||     5
       Potion            |       |     2 ||     2
Armor: Scale mail        |    79 |    21 ||   100
Dodge: Dodged            |    92 |    35 ||   127
Block: Buckler           |    31 |     9 ||    40

Table legend: (Time is in decaauts)
 A = Elapsed time spent in this place.
 B = Non-inter-level travel time spent in this place.
 C = Inter-level travel time spent in this place.
 D = Time resting spent in this place.
 E = Time spent auto-exploring this place.
 F = Levels seen in this place.
 G = Mean time per level.
                   A        B        C        D        E       F      G
               +--------+--------+--------+--------+--------+-----+--------+
         Total |   1974 |   1930 |     44 |    458 |   1050 |   3 |  658.0 |
       Dungeon |   1974 |   1930 |     44 |    458 |   1050 |   3 |  658.0 |
               +--------+--------+--------+--------+--------+-----+--------+

Top non-repeatable levels by time:
     D:1: 1167 daAuts
     D:2: 788 daAuts
     D:3: 17 daAuts
